 Dungeon Crawl Stone Soup version 0.28-a0-268-g3f656e82c2 (webtiles) character file.

Game seed: 11764269078725889387

233 avis the Scratcher (level 5, -3/22 HPs)
             Began as a Felid Transmuter on Aug 28, 2021.
             Was a Follower of Vehumet.
             Killed by divine providence
             ... invoked by an orc priest
              (12 damage)
             ... on level 4 of the Dungeon.
             The game lasted 00:24:47 (6194 turns).

avis the Scratcher (Felid Transmuter)               Turns: 6194, Time: 00:24:48

Health: -3/22      AC:  2    Str:  7    XL:     5   Next: 75%
Magic:  8/10       EV: 20    Int: 14    God:    Vehumet [*.....]
Gold:   161        SH:  0    Dex: 22    Spells: 6/10 levels left
                                        Lives:  0   Deaths: 1

rFire   . . .      SeeInvis +     - Unarmed
rCold   . . .      Faith    .   (shield unavailable)
rNeg    + . .      Spirit   .   (armour unavailable)
rPois   x          Reflect  .   (helmet unavailable)
rElec   .          Harm     .   (cloak unavailable)
rCorr   +          Rampage  .   (gloves unavailable)
Will    .....                   (boots unavailable)
Stlth   ++........              (no amulet)
HPRegen 0.07/turn               b - ring of positive energy
MPRegen 0.12/turn               g - ring of resist corrosion

@: spider-form
A: venomous fangs, tiny, (claws 1), (fangs 3), see invisible, (speed 1), (shaggy
fur 1), (stealthy paws), no weapons or thrown items, no armour, multi-lived
a: End Transformation, Renounce Religion


You were on level 4 of the Dungeon.
You worshipped Vehumet.
Vehumet was aware of your devotion.
You were a venomous arachnid creature.
You visited 2 branches of the dungeon, and saw 6 of its levels.

You collected 161 gold pieces.

Inventory:

Jewellery
 b - a ring of positive energy (left front leg)
 g - a ring of resist corrosion (right front leg)
Wands
 m - a wand of digging (5)
Scrolls
 e - 3 scrolls of fear {unknown}
 f - 3 scrolls of noise {unknown}
 h - a scroll of blinking {unknown}
 j - 3 scrolls of teleportation {unknown}
 l - 2 scrolls of identify {unknown}
Potions
 a - a potion of brilliance {unknown}
 c - a potion of heal wounds {unknown}
 d - a potion of flight {unknown}
 i - a potion of curing {unknown}
 k - 2 potions of magic {unknown}


   Skills:
 - Level 2.0 Fighting
 - Level 2.6 Dodging
 - Level 2.0 Stealth
 * Level 4.2 Unarmed Combat
 - Level 3.0 Spellcasting
 - Level 4.0 Transmutations
 - Level 2.0 Poison Magic


You had 6 spell levels left.
You knew the following spells:

 Your Spells              Type           Power      Damage    Failure   Level
a - Beastly Appendage     Tmut           26%        N/A       13%         1
p - Spider Form           Tmut/Pois      5%         N/A       38%         3

Your spell library contained the following spells:

 Spells                   Type           Power      Damage    Failure   Level
 Shock                    Conj/Air       8%         1d3       43%         1
 Wereblood                Tmut           13%        N/A       17%         2
 Poisonous Vapours        Pois/Air       8%         N/A       43%         2
 Corpse Rot               Necr/Air       N/A        N/A       54%         2
 Ice Form                 Ice/Tmut       7%         N/A       85%         4
 Freezing Cloud           Conj/Ice/Air   1%         6-21      100%        5


Dungeon Overview and Level Annotations

Branches:
Dungeon (5/15)             Temple (1/1) D:4

Altars:
Ashenzari
Cheibriados
Dithmenos
Elyvilon
Fedhas
Hepliaklqana
Okawaru
Qazlal
Trog
Vehumet
Wu Jian
Xom
Yredelemnul
The Shining One

Annotations:
D:2 Sigmund


Innate Abilities, Weirdness & Mutations

You are a venomous arachnid creature.
You have poisonous fangs.
You are tiny and dextrous.
Your spellcasting is less reliable in this form.
((You have sharp claws.))
((You have razor-sharp teeth.))
You have supernaturally acute eyesight. (SInv)
((You cover ground quickly. (Speed+)))
((You are covered in fur. (AC +1)))
((Your paws help you pounce on unaware monsters.))
You are incapable of wielding weapons or throwing items.
You cannot wear armour.
You gain extra lives every three experience levels.


Message History

You kill the quokka!
Vehumet accepts your kill.
Your transformation is almost over.
j - 2 scrolls labelled WUDOEF VUHEOLAIWK (gained 1)
You see here 4 atropa-tipped darts.
You see here a +0 long sword.
There is a stone staircase leading up here.
Your transformation has ended.
j - 3 scrolls labelled WUDOEF VUHEOLAIWK (gained 1)
l - 2 scrolls labelled COITIPOCOA (gained 1)
There is a stone staircase leading up here.
You climb upwards.
There is a stone staircase leading down here.
There is a fountain of clear blue water here.
Things that are here:
a +0 chain mail; a +0 trident
There is a stone staircase leading down here.
Casting: Spider Form (extremely dangerous; 19% risk of failure)
Confirm with . or Enter, or press ? or * to list all spells.
The spell is extremely dangerous to cast (19% risk of failure)!
Continue anyway?
You turn into a venomous arachnid creature.
You climb downwards.
The orc priest mumbles some strange prayers to Beogh against you.
Beogh smites you!
The orc shouts! x2; The orc wizard shouts!
You hear a shout!
Found a coppery potion and 14 gold pieces.
There is a stone staircase leading up here.
The orc priest hits you with a +0 dagger.
You climb upwards.
There is a stone staircase leading down here.
You barely miss the orc priest. The orc priest closely misses you.
You hit the orc priest.
The orc priest is poisoned.
The orc priest is lightly wounded.
The orc priest barely misses you.
You hit the orc priest.
The orc priest is moderately wounded.
The orc priest mumbles some strange prayers to Beogh against you.
Beogh smites you!
Ouch! That really hurt!
You die...

##........## ##..........#
###...........##
#..............# #
#..............## #
#...............#### #
#####
##.................#######
##...#
#.......o......##.....[..
#....##
#.......s......#####...##
......####............##
###...
.......###............#
####
.....................## #.
...#.#....#..........# ##
..#.#.#...#.........##
.#.#.#.#.####......##
..#.>.#..# #..###### ##
.#.#.#.#.###.## ###.


You could see an orc priest (very poisoned).

Vanquished Creatures
  A jelly (D:4)
  An orc priest (D:4)
  A bullfrog skeleton (D:4)
  2 orc wizards (D:4)
  A hound skeleton (D:4)
  4 adders (D:4)
  3 dart slugs
  9 orcs (D:4)
  8 endoplasms
  4 giant cockroaches
  8 goblins
  8 hobgoblins
  4 jackals (D:4)
  8 quokkas
  4 ball pythons
  4 bats
  2 frilled lizards
  4 kobolds
  7 rats
83 creatures vanquished.

Vanquished Creatures (others)
  2 fungi (D:3)
  A plant (D:3)
3 creatures vanquished.

Grand Total: 86 creatures vanquished

Notes
Turn   | Place    | Note
-------+----------+-------------------------------------------
     0 | D:1      | avis the Felid Transmuter began the quest for the Orb.
     0 | D:1      | Reached XP level 1. HP: 9/9 MP: 4/4
   454 | D:1      | Reached skill level 1 in Stealth
   635 | D:1      | Reached XP level 2. HP: 12/12 MP: 4/6
  1367 | D:2      | Reached XP level 3. HP: 4/15 MP: 5/7
  1587 | D:2      | Learned a level 3 spell: Spider Form
  2331 | D:2      | Found a faded altar of an unknown god.
  2342 | D:2      | Noticed Sigmund
  2543 | D:3      | Found a broken altar of Ashenzari.
  2547 | D:3      | Saw a vision of the Swamp and the Snake Pit.
  2547 | D:3      | Noticed a swamp drake
  2547 | D:3      | Noticed a shock serpent
  2547 | D:3      | Noticed a naga
  2547 | D:3      | Noticed a naga
  2547 | D:3      | Noticed a naga warrior
  2547 | D:3      | Noticed a shock serpent
  2547 | D:3      | Noticed a naga mage
  2547 | D:3      | Noticed a swamp drake
  2547 | D:3      | Noticed a black mamba
  2547 | D:3      | Noticed a naga warrior
  2547 | D:3      | Noticed a vampire mosquito
  2547 | D:3      | Noticed a vampire mosquito
  2547 | D:3      | Noticed a mana viper
  2839 | D:3      | Reached skill level 1 in Poison Magic
  3142 | D:3      | Found a snail-covered altar of Cheibriados.
  3547 | D:4      | Found a staircase to the Ecumenical Temple.
  3554 | Temple   | Entered the Ecumenical Temple
  3792 | Temple   | Became a worshipper of Vehumet
  4112 | D:4      | Reached XP level 4. HP: 13/19 MP: 4/8
  4558 | D:4      | Found a stormy altar of Qazlal.
  4682 | D:4      | Killed from afar by an orc priest
  4683 | D:4      | Reached XP level 3. HP: -2/15 MP: 6/7
  4689 | D:4      | Reached XP level 4. HP: 19/19 MP: 8/8
  4762 | D:4      | Reached XP level 5. HP: 16/22 MP: 7/9
  5405 | D:4      | Reached * piety under Vehumet
  5405 | D:4      | Offered knowledge of Shock by Vehumet.
  6100 | D:5      | Entered Level 5 of the Dungeon
  6194 | D:4      | Killed from afar by an orc priest

Illustrated notes

Levels and vault maps discovered:
D:1:      matt_arrival_grand_opening, layout_basic, minmay_octomino_e4
D:2:      layout_rooms, ebering_ecumenical_altar_abandoned, amethyst_killhole,
          uniq_sigmund
D:3:      layout_loops_cross, grunt_ashenzari_visionary
          [grunt_ashenzari_visionary_swamp, grunt_ashenzari_visionary_snake],
          kennysheep_slug_shrine, kennysheep_generic_room_10
D:4:      layout_cave_pods, nicolae_qazlal_general_emergency,
          minmay_temple_entry_grid, grunt_ministairs_2,
          kennysheep_generic_room_11
D:5:      layout_basic, nemelex_diamond_rough_becter
Temple:   minmay_temple_curvy_loop

Skill      XL: |  1  2  3  4  5 |
---------------+----------------+-----
Stealth        | 1 2 |  2.0
Unarmed Combat | 4 |  4.2
Poison Magic   | 1 2 |  2.0
Transmutations | 3 4 |  4.0
Spellcasting   | 3 |  3.0
Fighting       | 2 |  2.0
Dodging        | |  2.6

Action                   |  1- 3 |  4- 6 || total
-------------------------+-------+-------++-------
Melee: Unarmed           |   118 |   100 ||   218
       Bite              |     5 |     1 ||     6
       Headbutt          |    15 |     7 ||    22
       Punch             |     1 |       ||     1
 Cast: Beastly Appendage |    38 |     7 ||    45
       Spider Form       |     1 |    14 ||    15
 Stab: Sleeping          |     4 |     4 ||     8
Armor: Skin              |     2 |     4 ||     6
Dodge: Dodged            |    81 |    87 ||   168

Table legend: (Time is in decaauts)
 A = Elapsed time spent in this place.
 B = Non-inter-level travel time spent in this place.
 C = Inter-level travel time spent in this place.
 D = Time resting spent in this place.
 E = Time spent auto-exploring this place.
 F = Levels seen in this place.
 G = Mean time per level.
                   A        B        C        D        E       F      G
               +--------+--------+--------+--------+--------+-----+--------+
         Total |   5650 |   5394 |    256 |   2705 |   1654 |   6 |  941.7 |
       Dungeon |   5437 |   5231 |    206 |   2705 |   1497 |   5 | 1087.4 |
        Temple |    213 |    164 |     49 |      0 |    157 |   1 |  213.0 |
               +--------+--------+--------+--------+--------+-----+--------+

Top non-repeatable levels by time:
     D:3: 1979 daAuts
     D:1: 1534 daAuts
     D:4: 1209 daAuts
     D:2: 677 daAuts
  Temple: 213 daAuts
     D:5: 36 daAuts
